 Dungeon Crawl Stone Soup version 0.19.0-11-g3fc08b3 (webtiles) character file.

15165 Chiseanne the Destroyer (level 11, -7/68 HPs)
             Began as a Demonspawn Wizard on Nov 10, 2016.
             Was a Priest of Vehumet.
             Shot with a bolt by an orc knight (22 damage)
             ... on level 2 of the Orcish Mines.
             The game lasted 01:08:39 (22983 turns).

Chiseanne the Destroyer (Demonspawn Wizard)        Turns: 22983, Time: 01:08:40

Health: -7/68      AC: 15    Str:  7    XL:     11   Next: 98%
Magic:  16/26      EV: 17    Int: 24    God:    Vehumet [***...]
Gold:   1151       SH:  4    Dex: 16    Spells: 6 memorised, 18 levels left

rFire  + . .     SeeInvis .     s - staff of poison
rCold  + . .     Gourm    .     e - +1 leather armour {rN+}
rNeg   + . .     Faith    +     (no shield)
rPois  +         Spirit   .     j - +0 helmet
rElec  .         Reflect  .     v - +0 cloak {+Inv}
rCorr  .         Harm     .     V - +0 pair of gloves
MR     .....                    i - +0 pair of boots
Stlth  +++.......               F - amulet of faith
                                A - +6 ring of protection
                                f - ring of protection from cold

@: agile
A: hooves 1, large bone plates 1, fire resistance 1, powered by pain 1
a: Renounce Religion, Evoke Invisibility


You were on level 2 of the Orcish Mines.
You worshipped Vehumet.
Vehumet was most pleased with you.
You were hungry.

You visited 3 branches of the dungeon, and saw 14 of its levels.
You also visited: Bailey.

You collected 1151 gold pieces.

Inventory:

Hand Weapons
 d - the +6 spear "Lifebane" {protect, *Noise rElec rN++ Str+3}
   (You found it on level 11 of the Dungeon)

   It protects the one who uses it against injury (+AC on strike).
   It affects your strength (+3).
   It insulates you from electricity.
   It greatly protects you from negative energy.
   It may make noises in combat.
 w - the +9 hunting sling of Contradiction {speed, rC+ rN+}
   (You took it off an orc on level 7 of the Dungeon)

   Attacks with this weapon are significantly faster.
   It protects you from cold.
   It protects you from negative energy.
Armour
 e - a +1 leather armour of positive energy (worn)
 i - a +0 pair of boots (worn)
 j - a +0 helmet (worn)
 q - a +2 leather armour of poison resistance
 u - a +1 robe of resistance
 v - a +0 cloak of invisibility (worn)
 H - a +1 leather armour of magic resistance
 V - a +0 pair of gloves (worn)
Magical Staves
 a - an uncursed staff of conjuration
 s - an uncursed staff of poison (weapon)
Rods
 c - a +1 rod of clouds (14/14)
   (You found it on level 3 of the Dungeon)
Jewellery
 f - a ring of protection from cold (left hand)
 A - a +6 ring of protection (right hand)
 F - an amulet of faith (around neck)
 K - an uncursed ring of see invisible
 R - an uncursed ring of flight
 W - an uncursed amulet of regeneration {unknown}
Wands
 B - a wand of iceblast (7/15)
 S - a wand of paralysis (5/24)
Scrolls
 m - 4 scrolls of recharging
 r - 2 scrolls of magic mapping
 E - a scroll of immolation
 Q - 4 scrolls of remove curse
Potions
 l - 2 potions of flight
 o - 2 potions of lignification
 p - a potion of heal wounds
 x - 2 potions of agility
 y - 5 potions of curing
 C - 3 potions of haste
Books
 t - a book of Flames

   Spells                             Type                      Level
   a - Flame Tongue                   Conjuration/Fire             1
   b - Throw Flame                    Conjuration/Fire             2
   c - Conjure Flame                  Conjuration/Fire             3
   d - Inner Flame                    Hexes/Fire                   3
   e - Sticky Flame                   Conjuration/Fire             4
   f - Fireball                       Conjuration/Fire             5
 X - the Almanac of Dislocation
   (You found it in a bailey)

   Spells                             Type                      Level
   a - Apportation                    Translocation                1
   b - Controlled Blink               Translocation                8
Comestibles
 h - 6 meat rations
 k - 8 bread rations
 M - 5 royal jellies


   Skills:
 - Level 5.8 Armour
 - Level 1.7 Dodging
 - Level 1.7 Stealth
 * Level 11.8 Spellcasting
 * Level 12.2 Conjurations
   Level 1.0 Summonings
 - Level 0.8 Translocations
 * Level 4.7 Fire Magic


You had 18 spell levels left.
You knew the following spells:

 Your Spells              Type           Power        Failure   Level  Hunger
a - Magic Dart            Conj           ####         1%          1    None
b - Mephitic Cloud        Conj/Pois/Air  ######..     1%          3    None
c - Conjure Flame         Conj/Fire      ######..     1%          3    None
d - Fireball              Conj/Fire      ######....   2%          5    ###....
e - Blink                 Tloc           N/A          10%         2    None
f - Apportation           Tloc           ###.......   6%          1    None


Dungeon Overview and Level Annotations

Branches:
Dungeon (11/15)            Temple (1/1) D:5            Lair (0/6) D:10
    Orc (2/2) D:9
    Elf: Orc:2

Altars:
Ashenzari
Cheibriados
Dithmenos
Elyvilon
Fedhas
Gozag
Hepliaklqana
Kikubaaqudgha
Makhleb
Nemelex Xobeh
Okawaru
Qazlal
Ru
Sif Muna
Trog
Uskayaw
Vehumet
Xom
Yredelemnul
Zin
The Shining One

Shops:
D:7 (

Annotations:
Orc:1 Harold


Innate Abilities, Weirdness & Mutations

You have large cloven feet.
You are partially covered in large bone plates. (SH +4)
Your flesh is heat resistant. (rF+)
You sometimes gain a little power by taking damage.


Message History

The orc knight shoots a bolt.
The bolt hits you but does no damage.
All of the chunks of flesh in your inventory have rotted away.
Evoke which item? (* to show all) (? for menu, Esc to quit)
Zapping:
S - a wand of paralysis {zapped: 9} (will waste charges)
Press: ? - help, Shift-Dir - straight line, f - orc knight
Aim: an orc knight, wielding an arbalest and wearing a runed plate armour (chance to defeat MR: 28%)
The orc knight easily resists.
Evoking this partially-identified wand wasted a few charges.
The orc knight shoots a bolt.
The bolt hits you.
* * * LOW HITPOINT WARNING * * *
Okay, then.
Casting: Mephitic Cloud
Confirm with . or Enter, or press ? or * to list all spells.
Aiming: Mephitic Cloud
Press: ? - help, Shift-Dir - straight line, f - you, p - orc knight
Okay, then.
Okay, then.
You feel agile all of a sudden.
The orc knight shoots a bolt.
The bolt hits you!!
You die...

### ##.##### ###....#.##
##.##......# . #
##...#......##. #.
##.....[).......
...##......@.....##.
#......<#..)..#...###
.........#.......#..##
#.......#.#..........#
....................##
......$...........######
$....##...........# ##.##
...........#o.(...###...# ##
........[..[..(..#..#...###.


You could see an orc knight.

Vanquished Creatures
  The ghost of herpmino the Carver, a journeyman DsAK of Lugonu (D:10)
  Erica (D:8)
  Pikel (D:7)
  3 hill giants (D:10)
  3 oklob plants (D:10)
  2 orc sorcerers (Orc:1)
  Joseph (D:9)
  Psyche (D:10)
  A queen bee (D:9)
  A troll (D:10)
  2 two-headed ogres
  2 hippogriffs
  3 yaks (D:7)
  Eustachio (D:4)
  A steam dragon (D:9)
  Edmund (D:4)
  2 wargs
  2 ice beasts
  3 sky beasts
  A black bear (D:8)
  19 orc warriors
  4 necrophages
  5 phantoms
  3 slaves
  7 ogres
  9 centaurs
  A big kobold (D:10)
  5 bullfrogs
  A water moccasin zombie (D:7)
  2 scorpions
  14 killer bees (D:9)
  7 wights (D:7)
  A howler monkey (D:6)
  4 crimson imps
  A quasit (D:7)
  6 hounds
  A jelly (D:7)
  2 centaur skeletons
  10 orc priests
  A bullfrog skeleton (D:8)
  16 orc wizards
  2 worker ants (D:7)
  A hound skeleton (D:7)
  2 worker ant zombies
  Robin (D:4)
  A howler monkey skeleton (D:6)
  15 gnolls
  13 adders
  2 shadow imps
  An ooze (D:1)
  2 adder skeletons
  An adder zombie (D:9)
  3 worms
  4 leopard geckos
  66 orcs
  10 bats
  5 giant cockroaches
  20 goblins
  8 hobgoblins
  A jackal (D:11)
  A quokka (D:3)
  2 ball pythons
  5 frilled lizards
  A jackal skeleton (D:6)
  15 kobolds
  A leopard gecko skeleton (D:5)
  8 rats
  12 plants (D:10)
355 creatures vanquished.

Vanquished Creatures (collateral kills)
  2 killer bees (D:9)
2 creatures vanquished.

Vanquished Creatures (others)
  A plant (D:10)
1 creature vanquished.

Grand Total: 358 creatures vanquished

Notes
Turn   | Place    | Note
-------+----------+-------------------------------------------
     0 | D:1      | Chiseanne the Demonspawn Wizard began the quest for the Orb.
     0 | D:1      | Reached XP level 1. HP: 13/13 MP: 4/4
   681 | D:1      | Gained mutation: Your flesh is heat resistant. (rF+) [demonic ancestry]
   681 | D:1      | Reached XP level 2. HP: 16/19 MP: 1/6
  1035 | D:1      | Reached skill level 2 in Conjurations
  1464 | D:1      | Reached XP level 3. HP: 21/24 MP: 0/8
  3465 | D:2      | Learned a level 3 spell: Mephitic Cloud
  3469 | D:2      | Learned a level 3 spell: Conjure Flame
  3472 | D:2      | Learned a level 2 spell: Blink
  3695 | D:3      | Gained mutation: You have large cloven feet. [demonic ancestry]
  3695 | D:3      | Reached XP level 4. HP: 27/30 MP: 3/9
  4520 | D:3      | Reached skill level 3 in Conjurations
  4570 | D:3      | Found a blossoming altar of Fedhas.
  4979 | D:3      | Found a snail-covered altar of Cheibriados.
  5060 | D:3      | Gained mutation: You are partially covered in large bone plates. (SH +4) [demonic ancestry]
  5060 | D:3      | Reached XP level 5. HP: 34/35 MP: 7/11
  5323 | D:4      | Noticed Eustachio
  5467 | D:4      | Killed Eustachio
  5467 | D:4      | Reached skill level 5 in Spellcasting
  5467 | D:4      | Reached skill level 4 in Conjurations
  5467 | D:4      | Reached XP level 6. HP: 28/41 MP: 0/13
  5586 | D:4      | Noticed Robin
  5686 | D:4      | Killed Robin
  5950 | D:4      | Found a shattered altar of Ashenzari.
  5951 | D:4      | Noticed Edmund
  6157 | D:4      | Killed Edmund
  6315 | D:5      | Entered Level 5 of the Dungeon
  6533 | D:4      | Found a burning altar of Makhleb.
  6579 | D:4      | Reached skill level 5 in Conjurations
  6579 | D:4      | Reached XP level 7. HP: 38/46 MP: 6/15
  7335 | D:5      | Reached skill level 6 in Conjurations
  7488 | D:5      | Found a staircase to the Ecumenical Temple.
  7621 | Temple   | Entered the Ecumenical Temple
  7985 | D:5      | Reached XP level 8. HP: 52/52 MP: 16/18
  8346 | D:5      | Identified a scroll of acquirement
  9051 | D:7      | Reached skill level 7 in Conjurations
 10030 | D:6      | Noticed a hippogriff
 10049 | D:6      | Killed a hippogriff
 10049 | D:6      | Reached skill level 8 in Conjurations
 10110 | D:6      | Gained mutation: You sometimes gain a little power by taking damage. [demonic ancestry]
 10110 | D:6      | Reached XP level 9. HP: 35/57 MP: 11/21
 11263 | D:7      | Found an iron altar of Okawaru.
 11264 | D:7      | Found a white marble altar of Elyvilon.
 11265 | D:7      | Found a glowing golden altar of the Shining One.
 11268 | D:7      | Found a snail-covered altar of Cheibriados.
 11365 | D:7      | Reached skill level 9 in Conjurations
 12208 | D:7      | Got a scorched hunting sling
 12211 | D:7      | Identified a +1 rod of clouds (14/14) (You found it on level 3 of the Dungeon)
 12212 | D:7      | Identified the +9 hunting sling of Contradiction {speed, rC+ rN+} (You took it off an orc on level 7 of the Dungeon)
 12649 | D:7      | Found Wieluip's Weapon Emporium.
 12774 | D:8      | Reached skill level 1 in Armour
 12879 | D:8      | Noticed Pikel
 13120 | D:7      | Killed Pikel
 13656 | D:7      | Reached XP level 10. HP: 54/62 MP: 2/23
 13897 | D:7      | Reached skill level 10 in Conjurations
 14002 | D:8      | Noticed Erica
 14707 | D:7      | Reached skill level 10 in Spellcasting
 14846 | D:8      | Killed Erica
 15125 | D:8      | Found a radiant altar of Vehumet.
 15134 | D:8      | Became a worshipper of Vehumet
 15479 | D:9      | Noticed Psyche
 15762 | D:9      | Noticed Joseph
 15793 | D:10     | Entered Level 10 of the Dungeon
 15891 | D:10     | Noticed herpmino's ghost (journeyman DsAK)
 15897 | D:10     | Noticed an oklob plant
 16065 | D:9      | Killed Joseph
 16229 | D:9      | Found a staircase to the Orcish Mines.
 16904 | D:9      | Reached * piety under Vehumet
 16904 | D:9      | Offered knowledge of Freeze by Vehumet.
 16930 | D:9      | HP: 2/61 [killer bee (9)]
 17293 | D:9      | Reached skill level 5 in Armour
 17659 | D:9      | Reached skill level 11 in Conjurations
 18031 | D:10     | Noticed a hill giant
 18054 | D:10     | Killed a hill giant
 18054 | D:10     | Reached XP level 11. HP: 68/68 MP: 0/25
 18238 | D:10     | Killed herpmino's ghost
 18459 | D:10     | Learned a level 5 spell: Fireball
 18648 | D:10     | Noticed an oklob plant
 18648 | D:10     | Noticed an oklob plant
 18659 | D:10     | Learned a level 1 spell: Apportation
 18799 | D:10     | Noticed a hill giant
 18806 | D:10     | Killed a hill giant
 18806 | D:10     | Reached skill level 1 in Fire Magic
 19040 | D:10     | Killed Psyche
 19186 | D:10     | Noticed a hill giant
 19205 | D:10     | Killed a hill giant
 19205 | D:10     | Offered knowledge of Shock by Vehumet.
 19384 | D:10     | Found a shimmering altar of Xom.
 19384 | D:10     | Found a shimmering altar of Xom.
 19384 | D:10     | Found a shimmering altar of Xom.
 19385 | D:10     | Found a shimmering altar of Xom.
 19387 | D:10     | Found a shimmering altar of Xom.
 19387 | D:10     | Found a shimmering altar of Xom.
 19388 | D:10     | Found a shimmering altar of Xom.
 19493 | D:10     | Found a staircase to the Lair.
 19616 | D:10     | Killed an oklob plant
 19737 | D:10     | Killed an oklob plant
 19738 | D:10     | Killed an oklob plant
 20101 | D:11     | Found a flagged portal.
 20114 | D:11     | Got a blackened spear
 20115 | D:11     | Identified the +6 spear "Lifebane" {protect, *Noise rElec rN++ Str+3} (You found it on level 11 of the Dungeon)
 20120 | Bailey   | Entered a bailey
 20126 | Bailey   | Reached ** piety under Vehumet
 21042 | Bailey   | Offered knowledge of Throw Frost by Vehumet.
 21042 | Bailey   | Reached skill level 12 in Conjurations
 21218 | Bailey   | Identified the Almanac of Dislocation
 21221 | Bailey   | Got a translucent broad axe
 21238 | Bailey   | Identified the +5 broad axe of Fighting Over It {chop, rC+} (You found it in a bailey)
 21682 | Orc:1    | Entered Level 1 of the Orcish Mines
 21682 | Orc:1    | Noticed an orc sorcerer
 21688 | Orc:1    | Killed an orc sorcerer
 21688 | Orc:1    | Reached *** piety under Vehumet
 22125 | Orc:1    | Noticed an orc sorcerer
 22260 | Orc:1    | Killed an orc sorcerer
 22724 | Orc:2    | Entered Level 2 of the Orcish Mines
 22754 | Orc:2    | Offered knowledge of Airstrike by Vehumet.
 22927 | Orc:2    | Noticed an orc knight
 22940 | Orc:1    | Noticed Harold
 22983 | Orc:2    | Shot with a bolt by an orc knight

Skill      XL: |  1  2  3  4  5  6  7  8  9 10 11 |
---------------+----------------------------------+-----
Conjurations   | 2 3 4 5 6 8 9 11 12 | 12.2
Spellcasting   | 4 5 6 8 9 10 11 | 11.8
Armour         | 2 5 |  5.8
Fire Magic     | 4 |  4.7
Dodging        | |  1.7
Stealth        | |  1.7
Summonings     | |  1.0
Translocations | |  0.8

Action                   |  1- 3 |  4- 6 |  7- 9 | 10-12 || total
-------------------------+-------+-------+-------+-------++-------
Melee: Unarmed           |    10 |       |       |       ||    10
       Short sword       |    13 |       |       |       ||    13
       Staff             |       |    44 |    21 |    58 ||   123
       Flail             |       |       |       |     2 ||     2
 Fire: Hunting sling     |       |       |       |    30 ||    30
Throw: Stone             |       |    13 |       |       ||    13
 Cast: Magic Dart        |   112 |   156 |   541 |   540 ||  1349
       Mephitic Cloud    |       |     7 |    31 |    77 ||   115
       Conjure Flame     |       |     5 |    14 |    11 ||    30
       Blink             |       |     1 |    14 |    10 ||    25
       Fireball          |       |       |       |    65 ||    65
       Apportation       |       |       |       |     1 ||     1
Evoke: Wand              |       |       |     7 |    11 ||    18
       Rod               |       |       |       |     2 ||     2
  Use: Scroll            |     9 |     5 |     9 |     5 ||    28
       Potion            |       |     2 |       |     5 ||     7
 Stab: Confused          |       |       |     2 |       ||     2
  Eat: Chunk             |     6 |    10 |    16 |    27 ||    59
       Royal jelly       |     1 |       |       |     3 ||     4
       Fruit             |       |       |     4 |       ||     4
       Beef jerky        |       |       |       |     4 ||     4
Armor: Robe              |     7 |    14 |    26 |     1 ||    48
       Skin              |       |     1 |       |       ||     1
       Leather armour    |       |       |    16 |   119 ||   135
Dodge: Dodged            |    30 |    56 |    74 |   174 ||   334
Block: Other             |       |    13 |    29 |    52 ||    94
